 Dungeon Crawl Stone Soup version 0.31.0-1-g2c135a008e (webtiles) character file.

Game seed: 16978457387668640459

53 qw the Shooter (level 4, 0/34 HPs)
             Began as a Djinni Hunter on Jan 23, 2024.
             Slain by a goblin
             ... wielding a +0 club
             ... led by Robin
              (2 damage)
             ... on level 2 of the Dungeon.
             The game lasted 00:00:05 (1066 turns).

qw the Shooter (Djinni Hunter)                      Turns: 1066, Time: 00:00:05

Health: 0/34       AC:  5    Str: 10    XL:     4   Next: 11%
Gold:   34         EV: 11    Int: 11    God:
                   SH:  0    Dex: 18

rFire   + + .        a - +0 shortbow
rCold   x . .        (shield currently unavailable)
rNeg    . . .        d - +0 ring mail
rPois   inf          (no helmet)
rElec   .            (no cloak)
rCorr   .            (no gloves)
SInv    .            (boots unavailable)
Will    .....        (no amulet)
Stlth   +            (no ring)
HPRegen 0.25/turn    (no ring)
MPRegen 0.00/turn

%: infuse magic (-1 HP)
@: flying
A: sickness immunity, fire resistance 2, cold vulnerability 1, float, innate
caster, HP casting, extra vitality 1
a: no special abilities


You were on level 2 of the Dungeon.
You visited 1 branch of the dungeon, and saw 2 of its levels.

You collected 34 gold pieces.


Innate Abilities, Weirdness & Mutations

You are immune to sickness and miasma.
You are immune to poison.
Your flesh is very heat resistant. (rF++)
You are vulnerable to cold. (rC-)
You float through the air rather than walking.
You learn spells naturally, not from books.
Your magical power is your life essence.
You have superior vitality. (+4 MHP)


   Skills:
 + Level 2.7 Fighting
 - Level 4.0 Ranged Weapons
 - Level 1.0 Armour
 - Level 2.1 Dodging
 - Level 0.7 Stealth


You knew the following spells:

 Your Spells              Type           Power      Damage    Failure   Level
a - Magic Dart            Conj           0%         1d3       65%         1
Your spell library was empty.

Inventory:

Hand Weapons
 a - a +0 shortbow (weapon)
Armour
 d - a +0 ring mail (worn)
Scrolls
 b - 3 scrolls of blinking {unknown}
Potions
 e - a potion of curing
 f - a potion of haste {unknown}
 g - a potion of heal wounds {unknown}

Dungeon Overview and Level Annotations

Branches:
Dungeon (2/15)

Altars:

Annotations:
D:2 Robin


Message History

The goblin hits you with a +0 dagger. The goblin closely misses you.
You shoot an arrow. The goblin shouts!
The arrow hits the goblin.
You kill the goblin!
The goblin no longer looks unusually strong.
The goblin unwields a +0 club.
The goblin wields a +0 sling.
The goblin shoots a sling bullet.
The sling bullet hits you but does no damage.
The goblin closely misses you.
Your Armour skill increases to level 1!
You shoot an arrow. The arrow barely misses Robin.
The arrow hits the goblin!
You kill the goblin!
The goblin no longer looks unusually strong.
The goblin hits you with a +0 club. Robin hits you with a +1 spectral club.
An endoplasm comes into view.
You shoot an arrow. The arrow barely misses Robin.
The endoplasm quivers.
The arrow hits the goblin.
You kill the goblin!
The goblin hits you with a +0 club. Robin barely misses you.
The goblin barely misses you.
You shoot an arrow. The arrow closely misses Robin.
The arrow closely misses the goblin.
Robin hits you with a +1 spectral club. The goblin hits you with a +0 club.
Robin hits you but does no damage.
You shoot an arrow. The arrow hits Robin.
Robin is moderately wounded.
The goblin closely misses you. Robin throws the goblin at you!
The goblin barely misses you.
You shoot an arrow. The arrow hits Robin.
Robin is heavily wounded.
The goblin hits you but does no damage.
Robin roars a battlecry!
The goblins go into a battle-frenzy!
The goblin barely misses you. The goblin hits you with a +0 club.
You shoot an arrow. The arrow barely misses Robin.
The arrow hits the goblin!
You kill the goblin!
Robin barely misses you. The goblin hits you with a +0 club. x2
You die...

#......#......
#.....#......#
#.....#.......
#............#
............# #
##...g#...# ..
#..#....#.###..
#<###...#.....# ..
#.g@gJ)....####...
###.g##.............
##.....###..#.....g.)
##.......##..).####
#...).....#...###
#.....<...#.#...###
#.................#.
#..........#.........
#.........##.....####


You could see Robin, an endoplasm and 2 goblins.

Vanquished Creatures
  3 dart slugs (D:1)
  4 bats (D:1)
  2 endoplasms (D:1)
  3 giant cockroaches (D:1)
  12 goblins
  2 hobgoblins (D:2)
  3 jackals (D:1)
  3 quokkas (D:1)
  3 ball pythons (D:1)
  3 frilled lizards
  2 kobolds
  4 rats (D:1)
44 creatures vanquished.

Notes
Turn   | Place    | Note
-------+----------+-------------------------------------------
     0 | D:1      | qw the Djinni Hunter began the quest for the Orb.
     0 | D:1      | Reached XP level 1. HP: 18/18 MP: 0/0
     0 | D:1      | 0 ||| qw: Version: 0.3-a-136-gdd3b4e8
     0 | D:1      | 0 ||| qw: Game counter: 1142
     0 | D:1      | 0 ||| qw: Melee chars always use a shield: true
     0 | D:1      | 0 ||| qw: God list: Okawaru
     0 | D:1      | 0 ||| qw: Allow faded altars: false
     0 | D:1      | 0 ||| qw: Do Orc after clearing Dungeon:15 true
     0 | D:1      | 0 ||| qw: Do second Lair branch before Depths: true
     0 | D:1      | 0 ||| qw: Lair rune preference: random
     0 | D:1      | 0 ||| qw: Goals: Normal
     0 | D:1      | 0 ||| PLANNING D:1-11
   121 | D:1      | Reached XP level 2. HP: 23/23 MP: 0/0
   235 | D:1      | Found a faded altar of an unknown god.
   285 | D:1      | Reached XP level 3. HP: 27/28 MP: 0/0
   285 | D:1      | Learned a level 1 spell: Magic Dart
   309 | D:1      | Reached skill level 4 in Ranged Weapons
   993 | D:1      | 993 ||| UPGRADING to +0 ring mail.
  1003 | D:1      | 1003 ||| DROPPING +0 leather armour.
  1004 | D:1      | 1004 ||| READING scroll labelled ZARIRPHANID.
  1004 | D:1      | 1004 ||| IDENTIFYING black potion
  1005 | D:1      | 1005 ||| DROPPING scroll of butterflies.
  1045 | D:2      | Noticed Robin
  1047 | D:2      | 1047 ||| RETREEEEATING.
  1048 | D:2      | 1048 ||| RETREEEEATING.
  1051 | D:2      | 1051 ||| RETREEEEATING.
  1052 | D:2      | 1052 ||| RETREEEEATING.
  1053 | D:2      | 1053 ||| RETREEEEATING.
  1054 | D:2      | 1054 ||| RETREEEEATING.
  1055 | D:2      | 1055 ||| RETREEEEATING.
  1059 | D:2      | Reached XP level 4. HP: 29/34 MP: 0/0
  1061 | D:2      | Reached skill level 1 in Armour
  1065 | D:2      | HP: 7/34 [goblin/+0 club[Robin] (3)]
  1066 | D:2      | HP: 2/34 [goblin/+0 club[Robin] (5)]
  1066 | D:2      | Slain by a goblin

Levels and vault maps discovered:
D:1:      sevenhm_arrival_forest_fort_small_5, layout_basic,
          hellmonk_ecumenical_altar_defaced_shrine
D:2:      layout_rooms, uniq_jessica, uniq_robin

Skill      XL: |  1  2  3  4 |
---------------+-------------+-----
Ranged Weapons | 4 |  4.0
Armour         | 1 |  1.0
Fighting       | |  2.7
Dodging        | |  2.1
Stealth        | |  0.7

Action                     |  1- 3 |  4- 6 || total
---------------------------+-------+-------++-------
   Fire: Shortbow          |    90 |     8 ||    98
    Use: Scroll            |     1 |       ||     1
 Armour: Leather armour    |    12 |       ||    12
         Ring mail         |     7 |    14 ||    21
  Dodge: Dodged            |    16 |     8 ||    24

Table legend:
 A = Non-vault XP
 B = Vault XP
 C = Vault XP percentage of total XP
 D = Non-vault monster count
 E = Vault monster count
 F = Vault count percentage of total count
                 A         B        C        D         E       F
            +---------+---------+-------+---------+---------+-------
      Total |      52 |      27 |  34.2 |      29 |      15 |  34.1
            +---------+---------+-------+---------+---------+-------
        D:1 |      47 |      11 |  19.0 |      26 |       6 |  18.8
        D:2 |       5 |      16 |  76.2 |       3 |       9 |  75.0
            +---------+---------+-------+---------+---------+-------
